 Dungeon Crawl Stone Soup version 0.28.0-45-g0d030f2227 (webtiles) character file.

Game seed: 15230660871352116206

1614 Peloso the Covered (level 8, -9/70 HPs)
             Began as a Minotaur Fighter on Apr 18, 2022.
             Was a Follower of Okawaru.
             Mangled by a manticore (14 damage)
             ... on level 6 of the Dungeon.
             The game lasted 00:11:38 (6680 turns).

Peloso the Covered (Minotaur Fighter)               Turns: 6680, Time: 00:11:39

Health: -9/70      AC: 10    Str: 20    XL:     8   Next: 64%
Magic:  7/7        EV:  9    Int:  5    God:    Okawaru [*.....]
Gold:   87         SH:  6    Dex: 20    Spells: 7/7 levels left

rFire   . . .      SeeInvis .   b - +4 hand axe "Hutowitu" {freeze, *Slow rPois Dex+7}
rCold   . . .      Faith    .   c - +0 buckler
rNeg    . . .      Spirit   .   y - +0 chain mail
rPois   +          Reflect  .   (helmet restricted)
rElec   .          Harm     .   (no cloak)
rCorr   .          Rampage  .   (no gloves)
Will    .....                   (no boots)
Stlth   ..........              (no amulet)
HPRegen 0.21/turn               (no ring)
MPRegen 0.10/turn               (no ring)

@: lethally poisoned (-9 -> -11), spiked
A: horns 2, retaliatory headbutt
a: Renounce Religion, Heroism


You were on level 6 of the Dungeon.
You worshipped Okawaru.
Okawaru was aware of your devotion.
You visited 2 branches of the dungeon, and saw 7 of its levels.
You also visited: Sewer.

You collected 256 gold pieces.
You spent 169 gold pieces at shops.

Inventory:

Hand Weapons
 a - a +0 long sword
 b - the +4 hand axe "Hutowitu" (weapon) {freeze, *Slow rPois Dex+7}
   (You found it on level 2 of the Dungeon)

   It freezes those it strikes, dealing additional cold damage.
   It can also slow down cold-blooded creatures.
   Dex:       It affects your dexterity (+7).
   rPois:     It protects you from poison.
   *Slow:     It may slow you when you take damage.
Armour
 c - a +0 buckler (worn)
 l - a +0 scale mail
 y - a +0 chain mail (worn)
Jewellery
 k - a ring of wizardry
Wands
 q - a wand of flame (21)
Scrolls
 e - 2 scrolls of immolation
 f - a scroll of magic mapping {unknown}
 g - a scroll of fear {unknown}
 i - 4 scrolls of fog
 j - a scroll of brand weapon {unknown}
 n - 2 scrolls of enchant armour {unknown}
 o - a scroll of vulnerability {unknown}
 p - a scroll of silence {unknown}
 t - a scroll of summoning {unknown}
 v - a scroll of acquirement {unknown}
 w - a scroll of amnesia {unknown}
 x - 2 scrolls of teleportation {unknown}
Potions
 d - 4 potions of might
 h - 4 potions of curing
 m - a potion of degeneration
 r - a potion of berserk rage
 s - a potion of heal wounds
 u - 2 potions of ambrosia
 z - a potion of invisibility
 A - a potion of resistance {unknown}


   Skills:
 + Level 6.2 Fighting
 + Level 5.1 Long Blades
 + Level 6.9 Axes
 + Level 7.4 Armour
 + Level 2.7 Dodging
 + Level 1.3 Stealth
 + Level 5.4 Shields


You had 7 spell levels left.
You didn't know any spells.
Your spell library contained the following spells:

 Spells                   Type           Power      Damage    Failure   Level
 Apportation              Tloc           0%         N/A       99%         1
 Confusing Touch          Hex            0%         N/A       100%        3
 Gell's Gravitas          Tloc           0%         N/A       100%        3
 Lesser Beckoning         Tloc           0%         N/A       100%        3
 Teleport Other           Tloc           0%         N/A       100%        3
 Yara's Violent Unravell  Hex/Tmut       0%         3d3       100%        5
 Enfeeble                 Hex            0%         N/A       100%        7
 Animate Skeleton         Necr           Unusable   N/A       N/A         1
 Summon Small Mammal      Summ           Unusable   N/A       N/A         1

Dungeon Overview and Level Annotations

Branches:
Dungeon (6/15)             Temple (1/1) D:5           Sewer (visited)

Altars:
Ashenzari
Dithmenos
Elyvilon
Fedhas
Hepliaklqana
Kikubaaqudgha
Nemelex Xobeh
Okawaru
Qazlal
Ru
Vehumet
Wu Jian
Xom
Yredelemnul
The Shining One
Ignis

Shops:
D:1 !   D:5 =


Innate Abilities, Weirdness & Mutations

You have a pair of horns on your head.
You reflexively headbutt those who attack you in melee.


Message History

Unknown command.
You closely miss the water moccasin.
The water moccasin is almost dead.
You feel very sick. The water moccasin bites you.
Unknown command.
You slash the water moccasin!
The water moccasin seems to slow down.
You freeze the water moccasin.
You kill the water moccasin!
Okawaru accepts your kill.
You feel sick.
The manticore flicks its tail.
The volley of spikes hits you.
The barbed spikes become lodged in your body.
The barbs in your skin will harm you if you move.
Continue? [Y]es or [N]o only, please.
The barbs in your skin will harm you if you move.
Continue?
Okay, then.
The barbs in your skin will harm you if you move.
Continue?
Okay, then.
You feel sick.
Unknown command.
You hit the manticore. You freeze the manticore.
The manticore is lightly wounded.
You feel sick. The manticore bites you! You block the manticore's attack.
The manticore claws you.
Unknown command.
The troll shouts!
You hit the manticore. You freeze the manticore.
The manticore is moderately wounded.
You feel sick. The manticore bites you!
* * * LOW HITPOINT WARNING * * *
The manticore claws you!
* * * LOW HITPOINT WARNING * * *
You block the manticore's attack.
You hit the manticore. You freeze the manticore.
You headbutt the manticore, but do no damage.
The manticore is moderately wounded.
You feel sick. The manticore bites you!
You die...

.#.....<).##.#
.#...........#
.#..#####.####
.#..#####.########
..................
##..####.######### .
##..# #.# ..# ....#
#.##############....#
##.##
#........@H.........#
..<#
###############T.###T
#### ..# ..# ..S ##


You could see a manticore and a troll.

Vanquished Creatures
  Grinder (D:6)
  2 water moccasins
  A necrophage (D:6)
  3 ogres (D:4)
  2 kobold brigands (Sewer)
  A scorpion (D:5)
  A bullfrog zombie (D:5)
  An orc priest (D:3)
  Jessica (D:3)
  2 scorpion zombies (D:5)
  4 orc wizards
  Robin (D:3)
  16 adders
  7 gnolls (D:2)
  3 river rats (D:5)
  3 ufetubi (D:5)
  An adder skeleton (D:5)
  11 worms
  6 dart slugs
  10 orcs
  7 ball pythons
  7 bats
  5 endoplasms
  5 giant cockroaches
  16 goblins
  17 hobgoblins
  13 kobolds
  6 quokkas
  4 frilled lizards
  3 rats
160 creatures vanquished.

Notes
Turn   | Place    | Note
-------+----------+-------------------------------------------
     0 | D:1      | Peloso the Minotaur Fighter began the quest for the Orb.
     0 | D:1      | Reached XP level 1. HP: 19/19 MP: 0/0
   152 | D:1      | Reached XP level 2. HP: 20/27 MP: 1/1
   414 | D:1      | Found a faded altar of an unknown god.
   450 | D:1      | Reached skill level 4 in Armour
   463 | D:1      | Found Japeodyrgh's Distillery.
   468 | D:1      | Bought a potion of curing for 39 gold pieces
   775 | D:2      | Identified the +4 hand axe "Hutowitu" {freeze, *Slow rPois
                  | Dex+7}
   896 | D:2      | Reached XP level 3. HP: 33/33 MP: 2/2
  1106 | D:2      | Reached XP level 4. HP: 17/40 MP: 3/3
  1876 | D:2      | Reached XP level 5. HP: 47/47 MP: 4/4
  2173 | D:2      | Reached skill level 1 in Dodging
  2670 | D:3      | Noticed Jessica
  2687 | D:3      | Killed Jessica
  2688 | D:3      | Reached skill level 1 in Stealth
  2831 | D:3      | Noticed Robin
  2841 | D:3      | Killed Robin
  3071 | D:3      | Reached XP level 6. HP: 50/53 MP: 5/5
  3246 | D:3      | Reached skill level 1 in Axes
  3252 | D:3      | Reached skill level 5 in Armour
  3442 | D:3      | Found a sparkling altar of Nemelex Xobeh.
  3584 | D:4      | Reached skill level 5 in Long Blades
  3650 | D:4      | Found an iron altar of Okawaru.
  3663 | D:4      | Became a worshipper of Warmaster Okawaru
  3904 | D:4      | Found a glowing golden altar of the Shining One.
  3933 | D:4      | Reached skill level 5 in Fighting
  3933 | D:4      | Reached XP level 7. HP: 24/61 MP: 6/6
  4588 | D:1      | Bought a potion of berserk rage for 65 gold pieces
  4588 | D:1      | Bought a potion of heal wounds for 65 gold pieces
  4647 | D:5      | Entered Level 5 of the Dungeon
  4685 | D:5      | Reached * piety under Okawaru
  4730 | D:5      | Reached skill level 6 in Armour
  4773 | D:5      | Reached skill level 5 in Shields
  4844 | D:5      | Found a glowing drain.
  4852 | Sewer    | Entered a sewer
  4858 | Sewer    | Reached skill level 5 in Axes
  5381 | Sewer    | Reached XP level 8. HP: 62/69 MP: 7/7
  5936 | D:5      | Found a staircase to the Ecumenical Temple.
  5960 | Temple   | Entered the Ecumenical Temple
  6349 | D:5      | Found Kubaur's One-of-a-Kind Rings.
  6610 | D:6      | Reached skill level 7 in Armour
  6657 | D:6      | Noticed Grinder
  6657 | D:6      | Noticed a troll
  6667 | D:6      | Noticed a manticore
  6672 | D:6      | Killed Grinder
  6680 | D:6      | Mangled by a manticore

Illustrated notes

Levels and vault maps discovered:
D:1:      dpeg_arrival_line_fractal, layout_basic, serial_shops,
          nicolae_shop_hallway_stairs, ebering_ecumenical_altar_hall,
          minmay_misc_feat_chi, chequers_mini_garden, chequers_garden
D:2:      layout_basic, minmay_randomly_rotated_circles
D:3:      layout_loops_ring, nemelex_spade_bored_becter, uniq_robin,
          uniq_jessica
D:4:      layout_basic, okawaru_altar_gauntlet_db, old_standard_altar
D:5:      layout_loops_cross, minmay_temple_entry_wispy,
          lightli_sewer_entry_pipes, minmay_misc_feat_diagonals,
          nicolae_shop_unique_rings
D:6:      layout_loops_ring, zin_scriptorium, nicolae_gozag_zags_fifth_avenue,
          kb_rosetta, uniq_grinder
Temple:   ebering_untended_altars

Skill      XL: |  1  2  3  4  5  6  7  8 |
---------------+-------------------------+-----
Shields        | 4 5 |  5.4
Armour         | 4 5 6 7 |  7.4
Fighting       | 4 5 6 |  6.2
Long Blades    | 3 4 5 |  5.1
Dodging        | 1 2 |  2.7
Stealth        | 1 |  1.3
Axes           | 3 5 6 |  6.9

Action                   |  1- 3 |  4- 6 |  7- 9 || total
-------------------------+-------+-------+-------++-------
Melee: Long sword        |    56 |    48 |     4 ||   108
       Headbutt          |     4 |    22 |    21 ||    47
       Hand axe          |       |    87 |   183 ||   270
  Use: Scroll            |       |       |     6 ||     6
       Potion            |       |       |     1 ||     1
Armor: Scale mail        |    27 |    64 |    53 ||   144
       Chain mail        |       |       |     5 ||     5
Dodge: Dodged            |    35 |    65 |    58 ||   158
Block: Buckler           |    24 |    34 |    45 ||   103
